 Dungeon Crawl Stone Soup version 0.22.0-75-g3901e79 (webtiles) character file.

49 Merlin the Digger (level 3, -5/19 HPs)
             Began as a Gargoyle Earth Elementalist on Sept 11, 2018.
             Slain by an orc
             ... wielding a +0 club
              (6 damage)
             ... on level 2 of the Dungeon.
             The game lasted 00:08:26 (2050 turns).

Merlin the Digger (Gargoyle Earth Elementalist)     Turns: 2050, Time: 00:08:27

Health: -5/19      AC:  5    Str: 11    XL:     3   Next: 75%
Magic:  13/15      EV: 17    Int: 16    God:
Gold:   59         SH:  0    Dex: 15    Spells: 3/7 levels left

rFire    . . .     SeeInvis .   f - +0 mace
rCold    . . .     Gourm    .   (no shield)
rNeg     + . .     Faith    .   c - +0 robe
rPois    ∞         Spirit   .   (no helmet)
rElec    +         Reflect  .   (no cloak)
rCorr    .         Harm     .   (no gloves)
MR       .....                  (no boots)
Stlth    +++.......             (no amulet)
HPRegen  0.06/turn              o - ring of magical power
MPRegen  0.14/turn              (no ring)

@: agile, very slightly contaminated
A: negative energy resistance 1, electricity resistance, unbreathing,
petrification resistance, rot immunity, AC +3
a: no special abilities


You were on level 2 of the Dungeon.
You were not hungry.

You visited 1 branch of the dungeon, and saw 3 of its levels.

You collected 59 gold pieces.

Inventory:

Hand Weapons
 f - a +0 mace (weapon)
Missiles
 b - 38 stones (quivered)
Armour
 c - a +0 robe (worn)
Jewellery
 k - an uncursed ring of fire
 o - a ring of magical power (left hand)
Scrolls
 g - a scroll of teleportation {unknown}
 h - 2 scrolls of remove curse {unknown}
 j - a scroll of amnesia {unknown}
 l - a scroll of enchant weapon {unknown}
 m - a scroll of random uselessness {unknown}
 n - a scroll of magic mapping {unknown}
Potions
 e - a potion of agility
Comestibles
 d - 6 rations


   Skills:
 - Level 0.1 Fighting
   Level 0.8 Axes
 - Level 1.5 Dodging
 - Level 2.2 Stealth
 + Level 2.5 Spellcasting
 + Level 0.6 Conjurations
   Level 0.7 Transmutations
 + Level 4.6 Earth Magic


You had 3 spell levels left.
You knew the following spells:

 Your Spells              Type           Power        Failure   Level  Hunger
a - Sandblast             Erth           ###...       3%          1    #......
b - Stone Arrow           Conj/Erth      ##....       21%         3    ###....

Your spell library contained the following spells:

 Spells                   Type           Power        Failure   Level  Hunger
 Passwall                 Tmut/Erth      ##......     10%         2    ##.....
 Petrify                  Tmut/Erth      ##......     54%         4    #####..
 Lee's Rapid Deconstruct  Erth           ###.......   63%         5    ######.


Dungeon Overview and Level Annotations

Branches:
Dungeon (3/15)

Altars:
The Shining One


Innate Abilities, Weirdness & Mutations

You are resistant to torment.
Your stone body is resilient. (AC +3)
You are immune to poison.
You resist negative energy. (rN+)
You are resistant to electric shocks. (rElec)
You can survive without breathing.
You are immune to petrification.
You are immune to rotting.


Message History

The orc barely misses you. x2
It was a potion of magic.
Magic courses through your body. The orc hits you but does no damage.
The orc closely misses you.
Casting: Sandblast (safe; 3% risk of failure)
Confirm with . or Enter, or press ? or * to list all spells.
Aiming: Sandblast (safe; 3% risk of failure)
Press: ? - help, Shift-Dir - straight line, f/p - orc
Aim: an orc, wielding an enchanted flail and wearing a ring mail You miscast Sandblast.
Your feet feel warm.
The orc closely misses you. The orc misses you.
Casting: Sandblast (safe; 3% risk of failure)
Confirm with . or Enter, or press ? or * to list all spells.
Aiming: Sandblast (safe; 3% risk of failure)
Press: ? - help, Shift-Dir - straight line, f/p - orc
Aim: an orc, wielding an enchanted flail and wearing a ring mail The blast of sand hits the orc.
You kill the orc!
b - 38 stones The orc hits you with a club.
You die...

##............≈≈≈♣♣≈≈≈≈≈≈≈≈PP♣≈≈≈
##[....#########P≈♣♣≈♣♣♣≈≈♣≈♣♣P≈≈
##.....# #.###≈≈P≈♣≈≈♣♣#.##
..#)<#.# #.# ######.#......
##.###.# #.# #...##### ...# #.#
#.##########)#####
######.#########....>..........##
##.............)o#########.....##
##.######.######@# #..##### ##.#
#.# #)# #..# # <..# #.#
#>#########..# ## #########.#
#...........## #. ..........#
################## ###########
##.##. ############## ##..###
.............# ##...#
##.#########.# ######....###


You could see an orc.

Vanquished Creatures
  A worm (D:2)
  A leopard gecko (D:2)
  3 orcs
  A giant cockroach (D:2)
  10 goblins
  4 hobgoblins
  4 jackals (D:2)
  4 kobolds
  A quokka (D:3)
  6 bats
  2 frilled lizards (D:1)
  2 rats (D:1)
39 creatures vanquished.

Notes
Turn   | Place    | Note
-------+----------+-------------------------------------------
     0 | D:1      | Merlin the Gargoyle Earth Elementalist began the quest for
                  | the Orb.
     0 | D:1      | Reached XP level 1. HP: 10/10 MP: 3/3
   175 | D:1      | Reached skill level 4 in Earth Magic
   189 | D:1      | Reached XP level 2. HP: 15/15 MP: 3/5
   704 | D:2      | Reached XP level 3. HP: 11/19 MP: 6/6
  1238 | D:2      | Learned a level 3 spell: Stone Arrow
  1471 | D:2      | Found a glowing golden altar of the Shining One.
  2050 | D:2      | Slain by an orc

Skill      XL: |  1 |
---------------+----+-----
Earth Magic    | 4 |  4.6
Fighting       | |  0.1
Axes           | |  0.8
Dodging        | |  1.5
Stealth        | |  2.2
Spellcasting   | |  2.5
Conjurations   | |  0.6
Transmutations | |  0.7

Action                   || total
-------------------------++-------
Melee: Hand axe          ||    64
       Mace              ||    33
 Cast: Sandblast         ||    24
  Use: Scroll            ||     2
       Potion            ||     2
  Eat: Ration            ||     1
       Chunk             ||     1
Armor: Robe              ||    45
Dodge: Dodged            ||    95
